 Dungeon Crawl Stone Soup version 0.22-a0-265-g0d8bc9073c (webtiles) character file.

49 Psiweapon the Insei (level 3, -6/26 HPs)
             Began as a Merfolk Transmuter on Mar 7, 2018.
             Mangled by motoroller71's ghost (15 damage)
             ... on level 3 of the Dungeon.
             The game lasted 00:04:18 (1545 turns).

Psiweapon the Insei (Merfolk Transmuter)            Turns: 1545, Time: 00:04:18

Health: -6/26      AC:  3    Str: 11    XL:     3   Next: 75%
Magic:  5/6        EV: 13    Int: 12    God:
Gold:   93         SH:  0    Dex: 14    Spells: 5/6 levels left

rFire    . . .     SeeInvis .     - Unarmed
rCold    . . .     Gourm    .   (no shield)
rNeg     . . .     Faith    .   b - +0 robe
rPois    .         Spirit   .   (no helmet)
rElec    .         Reflect  .   (no cloak)
rCorr    .         Harm     .   (no gloves)
MR       .....                  h - +0 pair of boots
Stlth    +.........             o - amulet of the acrobat
HPRegen  0.08/turn              (no ring)
MPRegen  0.10/turn              (no ring)

@: appendage, very slightly contaminated
A: change form in water, swift swim, stealthy swim, horns 2
a: End Transformation


You were on level 3 of the Dungeon.
You were not hungry.
You had grown temporary horns.
You visited 1 branch of the dungeon, and saw 3 of its levels.

You collected 93 gold pieces.

Inventory:

Hand Weapons
 g - a +0 hunting sling
 j - a +0 club
Missiles
 a - 60 arrows
 p - 38 stones (quivered)
Armour
 b - a +0 robe (worn)
 h - a +0 pair of boots (worn)
 m - a +0 ring mail
Jewellery
 o - an amulet of the acrobat (around neck)
 r - a cursed -4 ring of strength {unknown}
Scrolls
 i - a scroll of amnesia {unknown}
 k - a scroll of teleportation
 l - a scroll of fog
 n - a scroll of blinking {unknown}
 q - a scroll of identify
Potions
 c - a potion of haste {unknown}
 e - 3 potions of heal wounds
Comestibles
 d - 5 rations


   Skills:
 + Level 1.2 Fighting
 + Level 3.0 Dodging
 + Level 4.3 Unarmed Combat
 + Level 2.3 Spellcasting
 + Level 3.2 Transmutations


You had 5 spell levels left.
You knew the following spells:

 Your Spells              Type           Power        Failure   Level  Hunger
b - Beastly Appendage     Tmut           #.....       7%          1    ##.....


Dungeon Overview and Level Annotations

Branches:
Dungeon (3/15)

Altars:

Annotations:
D:2 exclusion: downstairs
D:3 Sigmund; motoroller71's ghost, amateur GnFi


Innate Abilities, Weirdness & Mutations

You revert to your normal form in water.
You are very nimble and swift while swimming.
You are very stealthy in the water. (Stealth+)
You have a pair of horns on your head.


Message History

You closely miss the jackal. The jackal misses you.
You hit the jackal.
The jackal is severely wounded.
The jackal bites you. The jackal misses you.
You hit the jackal.
You kill the jackal!
You hit motoroller71's ghost.
Motoroller71's ghost is lightly damaged.
Motoroller71's ghost hits you!
You hit motoroller71's ghost but do no damage.
Motoroller71's ghost is lightly damaged.
The hobgoblin barely misses you.
You hit motoroller71's ghost.
Motoroller71's ghost is lightly damaged.
Motoroller71's ghost misses you. The hobgoblin hits you.
You closely miss motoroller71's ghost.
Motoroller71's ghost is lightly damaged.
Motoroller71's ghost hits you!
Ouch! That really hurt!
You die...

##########..#.
#)......##..#.##
####.......##..#..#
...........+...##.###
#.###.......###.##.#<#
.....h.h...h.......#.#
###########h#.#.#..#.#
#g#.#.#..#.#
#@#.#.#..#.#
#W#.#.#....#
#.#.#.#.#### #.#.#.#.#
#.#.#.#.# ..#.# #.#
..#.# #. ... #.


You could see motoroller71's ghost, 2 jackals and a hobgoblin.

Vanquished Creatures
  2 oozes (D:1)
  3 bats
  4 giant cockroaches
  3 goblins (D:1)
  5 hobgoblins
  3 jackals
  6 kobolds
  2 quokkas (D:2)
  2 frilled lizards (D:3)
  A leopard gecko zombie (D:2)
  3 rats
34 creatures vanquished.

Notes
Turn   | Place    | Note
-------+----------+-------------------------------------------
     0 | D:1      | Psiweapon the Merfolk Transmuter began the quest for the Orb.
     0 | D:1      | Reached XP level 1. HP: 15/15 MP: 3/3
   212 | D:1      | Reached XP level 2. HP: 21/21 MP: 5/5
   468 | D:3      | Noticed Sigmund
   735 | D:1      | Reached XP level 3. HP: 23/26 MP: 4/6
   916 | D:1      | Reached skill level 4 in Unarmed Combat
  1537 | D:3      | Noticed motoroller71's ghost (amateur GnFi)
  1545 | D:3      | Mangled by motoroller71's ghost

Vault maps used:
D:1:      dpeg_arrival_simpleton_c
D:2:      grunt_temple_overflow_open, minivault_5
D:3:      gammafunk_temple_overflow_claw, uniq_sigmund, uniq_jessica

Skill      XL: |  1  2  3 |
---------------+----------+-----
Transmutations | 3 |  3.2
Unarmed Combat | 4 |  4.3
Dodging        | 3 |  3.0
Fighting       | |  1.2
Spellcasting   | |  2.3

Action                   || total
-------------------------++-------
Melee: Unarmed           ||   111
       Headbutt          ||    10
 Cast: Beastly Appendage ||    16
  Use: Scroll            ||     3
 Stab: Sleeping          ||     1
  Eat: Chunk             ||     2
Armor: Robe              ||    19
Dodge: Dodged            ||    61

Table legend:
 A = Spawn XP
 B = Non-spawn XP
 C = Spawn XP percentage of total XP
 D = Spawn monster count
 E = Non-spawn monster count
 F = Spawn count percentage of total count
 G = Total turns spent on level
                    A         B        C        D         E        F      G
               +---------+---------+-------+---------+---------+-------+---------
         Total |       0 |      70 |   0.0 |       0 |      34 |   0.0 |  1545
               +---------+---------+-------+---------+---------+-------+---------
           D:1 |       0 |      51 |   0.0 |       0 |      22 |   0.0 |  1162
           D:2 |       0 |      11 |   0.0 |       0 |       7 |   0.0 |   296
           D:3 |       0 |       8 |   0.0 |       0 |       5 |   0.0 |    87
               +---------+---------+-------+---------+---------+-------+---------
